 Dungeon Crawl Stone Soup version 0.30-a0-728-gc68057be0a (webtiles) character file.

Game seed: 9951480859186446835

39 Dittersdorf the Shield-Bearer (level 3, 0/24 HPs)
             Began as a Gargoyle Fighter on Jan 30, 2023.
             Slain by Natasha (5 damage)
             ... on level 2 of the Dungeon.
             The game lasted 00:01:11 (944 turns).

Dittersdorf the Shield-Bearer (Gargoyle Fighter)     Turns: 944, Time: 00:01:12

Health: 0/24       AC: 11    Str: 21    XL:     3   Next: 45%
Magic:  3/3        EV:  9    Int:  8    God:
Gold:   78         SH:  4    Dex:  9    Spells: 2/2 levels left

rFire   . . .      SeeInvis .    a - +0 flail
rCold   . . .      Faith    .    c - +0 buckler
rNeg    + . .      Spirit   .    b - +0 scale mail
rPois   ∞          Reflect  .    (no helmet)
rElec   +          Harm     .    (no cloak)
rCorr   .          Rampage  .    (no gloves)
Will    .....                    l - +0 pair of boots Stlth
                                 (no amulet)
HPRegen 0.24/turn                (no ring)
MPRegen 0.08/turn                (no ring)

@: slowed, very slow
A: sickness immunity, AC +3, negative energy resistance 1, electricity
resistance, torment resistance 1, petrification resistance
a: no special abilities


You were on level 2 of the Dungeon.
You visited 1 branch of the dungeon, and saw 2 of its levels.

You collected 78 gold pieces.

Inventory:

Hand Weapons
 a - a +0 flail (weapon)
Armour
 b - a +0 scale mail (worn)
 c - a +0 buckler (worn)
 l - a +0 pair of boots (worn)
Scrolls
 e - a scroll of enchant armour {unknown}
 f - 4 scrolls of noise {unknown}
 g - 2 scrolls of fog {unknown}
 h - a scroll of blinking {unknown}
 i - 2 scrolls of identify {unknown}
Potions
 d - a potion of might
 j - a potion of degeneration {unknown}
 k - a potion of magic {unknown}


   Skills:
 + Level 3.7 Fighting
 + Level 2.6 Maces & Flails
 + Level 3.7 Armour
 + Level 3.7 Shields


You had 2 spell levels left.
You didn't know any spells.
Your spell library was empty.

Dungeon Overview and Level Annotations

Branches:
Dungeon (2/15)

Altars:

Shops:
D:1 ?   D:2 (

Annotations:
D:2 Natasha


Innate Abilities, Weirdness & Mutations

You are immune to sickness and miasma.
Your stone body is resilient. (AC +3)
You are immune to poison.
You resist negative energy. (rN+)
You are resistant to electric shocks. (rElec)
You are resistant to unholy torment.
You are immune to petrification.


Message History

* * * LOW HITPOINT WARNING * * *
The crimson imp hits you but does no damage.
You block the shadow imp's attack. Natasha claws you but does no damage.
The shadow imp barely misses you. You block the crimson imp's attack.
You closely miss Natasha.
Natasha is almost dead.
Natasha closely misses you.
The crimson imp blinks!
The shadow imp hits you but does no damage.
Natasha claws you but does no damage. The shadow imp gestures at you.
You barely resist. You closely miss Natasha.
Natasha is almost dead.
The white imp gestures at you. You block the puff of frost.
Natasha claws you but does no damage.
The shadow imp hits you but does no damage.
Natasha stares at you and mumbles some strange words.
You feel as though you will be slow longer.
The white imp barely misses you. The shadow imp closely misses you.
You barely miss Natasha.
Natasha is almost dead.
Natasha drinks a potion.
Natasha is healed!
The white imp hits you but does no damage.
The crimson imp blinks!
The shadow imp hits you but does no damage.
The white imp hits you but does no damage.
You block Natasha's attack. The shadow imp hits you.
* * * LOW HITPOINT WARNING * * *
You miss Natasha.
Natasha is heavily wounded.
The white imp disappears in a puff of smoke!
Natasha claws you but does no damage. The shadow imp closely misses you.
Natasha mumbles some strange words.
The shadow imp shouts, "Get thee gone, thou droning doghearted joithead!"
The shadow imp barely misses you.
You barely miss Natasha.
Natasha is heavily wounded.
Natasha barely misses you. You block the shadow imp's attack.
Natasha claws you.
You die...

....................###...##
#####........####.......###
#....##### #.......#
#..##.>.# #.......#
..#####... #.......# . ###
##.## ####.#### #...# ##.#
#5h###.[## #.@5....#
#####5#....# .......# ..
##.#....# #####.. ..#....#
....#.. .##....# ###.#.# #.
.#### #.#.# #. #.#.#


You could see an iron imp (summoned), Natasha, a crimson imp (summoned) and a
shadow imp (summoned).

Vanquished Creatures
  2 worms (D:1)
  4 endoplasms
  3 goblins (D:1)
  3 hobgoblins
  4 jackals (D:2)
  A quokka (D:1)
  2 ball pythons
  6 bats
  4 kobolds (D:1)
  2 rats
31 creatures vanquished.

Notes
Turn   | Place    | Note
-------+----------+-------------------------------------------
     0 | D:1      | Dittersdorf the Gargoyle Fighter began the quest for the
                  | Orb.
     0 | D:1      | Reached XP level 1. HP: 14/14 MP: 1/1
    58 | D:1      | Found Muask's Magic Scroll Shop.
   118 | D:1      | Reached XP level 2. HP: 17/19 MP: 2/2
   662 | D:2      | Found Imutzet's Antique Weapon Shoppe.
   664 | D:2      | Reached XP level 3. HP: 23/23 MP: 3/3
   931 | D:2      | Noticed Natasha
   944 | D:2      | Slain by Natasha

Illustrated notes

Levels and vault maps discovered:
D:1:      wheals_arrival_shading, layout_loops_ring, serial_shops, shop_scrolls
D:2:      layout_rooms, serial_shops, shop, kennysheep_generic_room_5,
          uniq_natasha

Action                     || total
---------------------------++-------
  Melee: Flail             ||   123
 Armour: Scale mail        ||    73
  Dodge: Dodged            ||    67
  Block: Buckler           ||    42

Table legend: (Time is in decaauts)
 A = Elapsed time spent in this place.
 B = Non-inter-level travel time spent in this place.
 C = Inter-level travel time spent in this place.
 D = Time resting spent in this place.
 E = Time spent auto-exploring this place.
 F = Levels seen in this place.
 G = Mean time per level.
                   A        B        C        D        E       F      G
               +--------+--------+--------+--------+--------+-----+--------+
         Total |    989 |    958 |     31 |     68 |    599 |   2 |  494.5 |
       Dungeon |    989 |    958 |     31 |     68 |    599 |   2 |  494.5 |
               +--------+--------+--------+--------+--------+-----+--------+

Top non-repeatable levels by time:
     D:1: 692 daAuts
     D:2: 296 daAuts
